 Dungeon Crawl Stone Soup version 0.20.0-15-g7f486f2 (webtiles) character file.

777 Inarius the Digger (level 7, -3/61 HPs)
             Began as a Gargoyle Earth Elementalist on June 23, 2017.
             Slain by Duvessa
             ... wielding a +0 short sword
              (6 damage)
             ... on level 5 of the Dungeon.
             The game lasted 00:18:39 (6678 turns).

Inarius the Digger (Gargoyle Earth Elementalist)    Turns: 6678, Time: 00:18:40

Health: -3/61      AC: 15    Str: 21    XL:     7   Next: 84%
Magic:  2/13       EV: 12    Int: 18    God:
Gold:   254        SH:  0    Dex: 10    Spells: 10/14 levels left

rFire    . . .     SeeInvis .   i - +1 quarterstaff (protect)
rCold    . . .     Gourm    .   (shield currently unavailable)
rNeg     + + .     Faith    .   g - +0 leather armour
rPois    ∞         Spirit   .   (no helmet)
rElec    +         Reflect  .   (no cloak)
rCorr    .         Harm     .   (no gloves)
MR       .....                  (no boots)
Stlth    ..........             (no amulet)
Regen    0.2/turn               y - +3 ring of strength
MPRegen  0.2/turn               j - ring of positive energy

@: berserking, protection aura, very quick
A: negative energy resistance 1, electricity resistance, strong 1, unbreathing,
petrification resistance, rot immunity, AC +4
a: no special abilities


You were on level 5 of the Dungeon.
You were not hungry.

You visited 1 branch of the dungeon, and saw 5 of its levels.

You collected 254 gold pieces.

Inventory:

Hand Weapons
 h - a +0 dagger of protection
 i - a +1 quarterstaff of protection (weapon)
Missiles
 b - 47 stones (quivered)
Armour
 g - a +0 leather armour (worn)
 q - a +0 ring mail
 F - a +0 scale mail
Jewellery
 j - a ring of positive energy (right hand)
 y - a +3 ring of strength (left hand)
Wands
 D - a wand of iceblast (7/15)
Scrolls
 a - 3 scrolls of remove curse
 c - a scroll of magic mapping {unknown}
 f - 2 scrolls of teleportation {unknown}
 m - 2 scrolls of fog {unknown}
 n - 3 scrolls of recharging {unknown}
 t - a scroll of enchant armour {unknown}
 u - 4 scrolls of enchant weapon {unknown}
 v - a scroll of blinking {unknown}
 z - a scroll of random uselessness {unknown}
Potions
 k - a potion of might
 o - 3 potions of lignification {unknown}
 r - 3 potions of curing {unknown}
 s - a potion of flight {unknown}
 w - a potion of mutation {unknown}
 x - a potion of magic {unknown}
 A - a potion of resistance {unknown}
 B - 2 potions of haste {unknown}
Books
 e - a book of Geomancy

   Spells                             Type                      Level
   a - Sandblast                      Earth                        1
   b - Passwall                       Transmutation/Earth          2
   c - Stone Arrow                    Conjuration/Earth            3
   d - Petrify                        Transmutation/Earth          4
   e - Lee's Rapid Deconstruction     Earth                        5
Comestibles
 d - 3 bread rations
 p - 5 meat rations
 C - 4 royal jellies
 E - a chunk of flesh


   Skills:
 * Level 3.2 Fighting
 + Level 2.6 Armour
 + Level 2.6 Dodging
 - Level 2.1 Stealth
 + Level 4.1 Spellcasting
 * Level 3.5 Conjurations
   Level 0.7 Transmutations
 + Level 6.0 Earth Magic


You had 10 spell levels left.
You knew the following spells:

 Your Spells              Type           Power        Failure   Level  Hunger
a - Sandblast             Erth           ####..       1%          1    None
b - Stone Arrow           Conj/Erth      ###...       7%          3    ###....


Dungeon Overview and Level Annotations

Branches:
Dungeon (5/15)
 Temple: D:4-7

Altars:
Okawaru
Qazlal
Yredelemnul
The Shining One

Annotations:
D:3 2 transporters, Grinder, Natasha
D:5 Duvessa, Ijyb


Innate Abilities, Weirdness & Mutations

You are resistant to torment.
Your stone body is resilient. (AC +4)
You are immune to poison.
You resist negative energy. (rN+)
You are resistant to electric shocks. (rElec)
You can survive without breathing.
You are immune to petrification.
You are immune to rotting.
Your muscles are strong. (Str +2)


Message History

Duvessa hits you with a short sword.
* * * LOW HITPOINT WARNING * * *
Duvessa hits you but does no damage. Duvessa closely misses you.
Duvessa hits you with a short sword!
* * * LOW HITPOINT WARNING * * *
Duvessa barely misses you.
A red film seems to cover your vision as you go berserk!
You feel yourself moving faster!
You feel mighty! Duvessa hits you with a short sword.
* * * LOW HITPOINT WARNING * * *
You barely miss Duvessa.
Duvessa is moderately wounded.
Duvessa closely misses you. x2
You are too berserk!
You hit Duvessa.
Your weapon exudes an aura of protection.
Duvessa is moderately wounded.
Duvessa hits you with a short sword.
You die...

#.# #.# #........
###.# #.####.##.#...
#...# #.............
#.#.# ##.####.##.##.#
#.#.# ##.....#.##.##o#
#.#.# #......#....e<.#
#(#.# ##.....#.##.##.#
#.#.#####.#..#.##.##.#
#.#..@.####..#.......#
#.####e# #..####.####
#.####.# #..# #.#
#...##.####..####.#
###.##............#
#.#######..####### #.#
#.#..# ... #.#
###.#..###.# #.#
#.#.#...>..#


You could see Duvessa (berserk).

Vanquished Creatures
  A sky beast (D:5)
  An ogre (D:5)
  A bullfrog (D:4)
  2 scorpions
  Dowan (D:5)
  2 orc priests (D:4)
  A centaur skeleton (D:5)
  An orc wizard (D:4)
  2 bullfrog skeletons (D:5)
  Jessica (D:2)
  Natasha (D:3)
  5 adders
  An adder skeleton (D:5)
  4 worms
  3 dart slugs
  6 leopard geckos
  9 orcs
  12 bats
  6 giant cockroaches
  9 hobgoblins
  5 jackals
  7 kobolds
  4 quokkas
  2 ball pythons
  6 frilled lizards
  7 goblins
  A quokka skeleton (D:4)
  12 rats
113 creatures vanquished.

Notes
Turn   | Place    | Note
-------+----------+-------------------------------------------
     0 | D:1      | Inarius the Gargoyle Earth Elementalist began the quest for the Orb.
     0 | D:1      | Reached XP level 1. HP: 10/10 MP: 3/3
   307 | D:1      | Reached XP level 2. HP: 12/15 MP: 5/5
   450 | D:1      | Reached skill level 4 in Earth Magic
   776 | D:1      | Reached skill level 1 in Armour
   776 | D:1      | Reached XP level 3. HP: 17/19 MP: 1/6
   781 | D:1      | Learned a level 3 spell: Stone Arrow
  2259 | D:2      | Found an iron altar of Okawaru.
  2270 | D:2      | Reached XP level 4. HP: 24/24 MP: 1/7
  2296 | D:2      | Reached skill level 1 in Fighting
  3183 | D:2      | Noticed Jessica
  3191 | D:2      | Killed Jessica
  3191 | D:2      | Reached skill level 1 in Conjurations
  3191 | D:2      | Reached XP level 5. HP: 29/29 MP: 7/9
  3412 | D:3      | Noticed Grinder
  3415 | D:3      | Paralysed by Grinder for 6 turns
  3543 | D:3      | Noticed Natasha
  3553 | D:3      | Killed Natasha
  3845 | D:3      | Found a stormy altar of Qazlal.
  3867 | D:3      | Found a transporter.
  3867 | D:3      | Noticed Natasha
  3871 | D:3      | Found a transporter.
  3872 | D:3      | Found a basalt altar of Yredelemnul.
  3872 | D:3      | Noticed a sky beast
  3873 | D:3      | Noticed a wyvern
  3892 | D:3      | Noticed a black bear
  4213 | D:3      | Found a glowing golden altar of the Shining One.
  4651 | D:4      | Reached XP level 6. HP: 34/34 MP: 5/11
  4664 | D:4      | Reached skill level 5 in Earth Magic
  5591 | D:5      | Entered Level 5 of the Dungeon
  5644 | D:5      | Reached XP level 7. HP: 23/40 MP: 12/12
  5983 | D:5      | Noticed Duvessa
  5985 | D:5      | Noticed Ijyb
  6208 | D:5      | Noticed Dowan
  6218 | D:5      | Killed Dowan
  6379 | D:5      | Gained mutation: Your muscles are strong. (Str +2) [mutagenic meat]
  6559 | D:5      | Reached skill level 6 in Earth Magic
  6676 | D:5      | HP: 3/61 [Duvessa/short sword (6)]
  6678 | D:5      | Slain by Duvessa

Skill      XL: |  1  2  3  4  5  6  7 |
---------------+----------------------+-----
Earth Magic    | 4 5 6 |  6.0
Armour         | 1 2 |  2.6
Dodging        | 2 |  2.6
Fighting       | 1 2 3 |  3.2
Conjurations   | 1 2 3 |  3.5
Spellcasting   | 3 4 |  4.1
Stealth        | |  2.1
Transmutations | |  0.7

Action                   |  1- 3 |  4- 6 |  7- 9 || total
-------------------------+-------+-------+-------++-------
Melee: Dagger            |   171 |   244 |    33 ||   448
       Unarmed           |     9 |       |       ||     9
       Quarterstaff      |       |       |    17 ||    17
 Cast: Sandblast         |    25 |    58 |    12 ||    95
       Stone Arrow       |       |     6 |    15 ||    21
  Use: Scroll            |       |     4 |       ||     4
       Potion            |       |       |     1 ||     1
 Stab: Sleeping          |       |     2 |     1 ||     3
  Eat: Chunk             |     5 |    11 |     6 ||    22
Armor: Leather armour    |    72 |   118 |    22 ||   212
Dodge: Dodged            |   126 |   201 |    43 ||   370
